 Dungeon Crawl Stone Soup version 0.32-a0-768-g0f6f1dd4b9 (webtiles) character file.

Game seed: 853136886040002057

4111 YayAnonymity the Cleaver (level 10, -3/110 HPs)
             Began as an Oni Gladiator on Mar 15, 2024.
             Was a Follower of Trog.
             Slain by a wyvern (4 damage)
             ... on level 8 of the Dungeon on Mar 18, 2024.
             The game lasted 00:12:56 (7317 turns).

YayAnonymity the Cleaver (Oni Gladiator)            Turns: 7317, Time: 00:12:56

Health: -3/110     AC:  4    Str: 24    XL:     10   Next: 26%
Magic:  10/10      EV:  4    Int:  9    God:    Trog [*.....]
Gold:   450        SH:  0    Dex: 10    Spells: 9/9 levels left

rFire   . . .        n - +5 war axe
rCold   . . .        (no shield)
rNeg    . . .        h - +1 robe
rPois   .            c - +0 hat
rElec   .            (no cloak)
rCorr   .            (gloves unavailable)
SInv    .            (boots unavailable)
Will    +....        (no amulet)
Stlth   +            (no ring)
HPRegen 0.38/turn    (no ring)
MPRegen 0.12/turn

%: no passive effects
@: lethally poisoned (-3 -> -7), petrifying, on berserk cooldown, slowed, very
slow
A: large, unfitting armour, horns 1, tough skin 1, double potion healing,
drunken brawling
a: Renounce Religion, Berserk


You were on level 8 of the Dungeon.
You worshipped Trog.
Trog was aware of your devotion.
You visited 2 branches of the dungeon, and saw 9 of its levels.
You also visited: Sewer and Ossuary.

You collected 450 gold pieces.

Inventory:

Hand Weapons
 a - a +0 war axe of venom
 b - a +2 heavy sling
 n - a +5 war axe (weapon)
Missiles
 d - 3 throwing nets (quivered)
 e - a large rock
 u - 19 poisoned darts
Armour
 c - a +0 hat (worn)
 h - a +1 robe (worn)
Jewellery
 j - a ring of flight
Wands
 q - a wand of iceblast (5)
Scrolls
 g - 2 scrolls of enchant armour
 r - 6 scrolls of teleportation
 s - 2 scrolls of fear
 y - 2 scrolls of butterflies
 A - a scroll of vulnerability
 B - a scroll of immolation
Potions
 f - 3 potions of brilliance
 i - 4 potions of heal wounds
 k - a potion of invisibility
 l - 6 potions of enlightenment
 m - a potion of magic
 o - 5 potions of curing
 p - a potion of might
 t - 3 potions of attraction
 v - a potion of cancellation
 w - 4 potions of berserk rage
 z - 3 potions of ambrosia


   Skills:
 - Level 10.0 Fighting
 * Level 12.3 Axes
 - Level 2.0 Throwing
 - Level 3.0 Armour
 - Level 3.0 Dodging


You had 9 spell levels left.
You didn't know any spells.
Your spell library contained the following spells:

 Spells                   Type           Power      Damage    Failure   Level
 Apportation              Tloc           0%         N/A       38%         1
 Jinxbite                 Hex            0%         N/A       52%         2
 Volatile Blastmotes      Fire/Tloc      0%         2d10      77%         3
 Fulminant Prism          Conj/Alch      0%         3d5       99%         4
 Iskenderun's Mystic Bla  Conj/Tloc      0%         2d3       99%         4
 Alistair's Intoxication  Alch           0%         N/A       100%        5


Dungeon Overview and Level Annotations

Branches:
Dungeon (8/15)             Temple (1/1) D:6            Lair (0/5) D:8
  Sewer (visited)         Ossuary (visited)

Altars:
Ashenzari
Cheibriados
Dithmenos
Elyvilon
Gozag
Kikubaaqudgha
Makhleb
Nemelex Xobeh
Okawaru
Ru
Trog
Uskayaw
Vehumet
Wu Jian
Xom
Yredelemnul
Zin

Annotations:
D:5 1 exclusion
D:8 Jeremiah


Innate Abilities, Weirdness & Mutations

You are too large for most types of armour.
You have a pair of small horns on your head.
You have tough skin. (AC +1)
You gain doubled healing and magic from potions.
Whenever you drink a healing potion, you attack all around you.


Message History

You barely miss the wyvern. You headbutt the wyvern.
The wyvern is moderately wounded.
You savour every drop.
You feel much better.
The butterfly disappears in a burst of colours! x3
The wyvern bites you but does no damage.
The water moccasin bites you.
You are poisoned.
The water moccasin poisons you!
Jeremiah hits the bush with a +2 trident of draining!
Jeremiah drains the bush.
The basilisk bites you!
The wyvern bites you but does no damage.
The water moccasin bites you but does no damage.
The basilisk barely misses you.
Jeremiah completely misses the bush.
Okay, then.
Found an escape hatch in the ceiling.
You feel very sick.
The butterfly disappears in a burst of colours! x3
The water moccasin bites the fungus.
The wyvern bites you!
Jeremiah hits something with a +2 trident of draining!
The basilisk attacks as it pursues you! The basilisk bites you!
The water moccasin bites the fungus.
The wyvern bites you!
* * * LOW HITPOINT WARNING * * *
You feel very sick.
A nearby fungus withers and dies.
The butterfly disappears in a burst of colours!
Jeremiah hits the bush but does no damage.
Jeremiah drains the bush.
The basilisk gazes at you.
You are slowing down.
The wyvern bites you.
* * * LOW HITPOINT WARNING * * *
The basilisk bites you!
* * * LOW HITPOINT WARNING * * *
Jeremiah hops!
* * * LOW HITPOINT WARNING * * *
You feel very sick. The wyvern bites you.
* * * LOW HITPOINT WARNING * * *
The wyvern bites you.
You die...

#.# #.# #.# ##...### #.#
#### ..#...# ##.## .....##
####...#.####>.< .......
...........##..###...%P.$ .
#............@##..bb.P..
..##.#.....#.###k#.........
..##.#.#...#.# #S....bPbP..
...........#.# ##..(..b..?P
.......##.##.##


#...PPbbb.P .###.#.##.....###P.†.bbb>.. .###.#.#####..##†b...F.....
.....#.#####....†.........♣ ...........)...†.....P.♣... You could see Jeremiah,
a water moccasin and a wyvern.

Vanquished Creatures
  Pikel (D:6)
  Grinder (D:4)
  A wyvern (D:8)
  A steam dragon (D:6)
  3 water moccasins
  3 sky beasts (D:6)
  7 black bears
  An orc warrior (D:6)
  2 crocodiles (Sewer)
  2 ogres
  A wolf (D:8)
  2 phantoms (D:6)
  A lemure (D:6)
  2 kobold brigands
  An elf zombie (Ossuary)
  4 bullfrogs
  A wight (D:5)
  2 howler monkeys (D:7)
  A jelly (D:5)
  4 hounds
  A human zombie (Ossuary)
  An orc priest (D:7)
  Jessica (D:3)
  3 iguanas
  An orc wizard (D:5)
  A sickly merfolk siren (Sewer)
  A malarious merfolk avatar (Sewer)
  Terence (D:2)
  2 hound zombies (Ossuary)
  4 mummies (Ossuary)
  A gnoll (D:1)
  4 adders
  4 river rats (Sewer)
  A white imp (D:7)
  2 ufetubi (D:7)
  2 adder zombies (Ossuary)
  3 ribbon worms
  2 dart slugs
  20 orcs
  9 ball pythons
  3 bats
  8 endoplasms
  6 giant cockroaches
  2 gnoll zombies (Ossuary)
  3 goblins (D:2)
  5 hobgoblins
  5 jackals
  4 quokkas
  12 frilled lizards
  A hobgoblin zombie (Ossuary)
  2 jackal zombies (Ossuary)
  11 kobolds
  A kobold zombie (Ossuary)
  20 rats
188 creatures vanquished.

Notes
Turn   | Place    | Note
-------+----------+-------------------------------------------
     0 | D:1      | YayAnonymity the Oni Gladiator began the quest for the Orb.
     0 | D:1      | Reached XP level 1. HP: 22/22 MP: 1/1
   376 | D:1      | Reached XP level 2. HP: 23/29 MP: 2/2
   644 | D:1      | Reached XP level 3. HP: 30/37 MP: 3/3
   970 | D:2      | Found a faded altar of an unknown god.
   999 | D:2      | Reached skill level 1 in Armour
  1068 | D:2      | Noticed Terence
  1099 | D:2      | Killed Terence
  1100 | D:2      | Reached XP level 4. HP: 35/45 MP: 4/4
  1158 | D:2      | Reached skill level 4 in Axes
  1510 | D:2      | Found a shimmering altar of Xom.
  1655 | D:3      | Noticed Jessica
  1677 | D:3      | Found a glowing drain.
  1694 | Sewer    | Entered a sewer
  1745 | Sewer    | Noticed a crocodile
  1755 | Sewer    | Killed a crocodile
  1756 | Sewer    | Reached XP level 5. HP: 7/55 MP: 5/5
  1969 | Sewer    | Reached skill level 5 in Axes
  1969 | Sewer    | Reached XP level 6. HP: 55/63 MP: 6/6
  2308 | D:3      | Reached skill level 5 in Fighting
  2473 | D:3      | Killed Jessica
  2598 | D:3      | Reached XP level 7. HP: 28/72 MP: 7/7
  2790 | D:3      | Found a shadowy altar of Dithmenos.
  3079 | D:4      | Reached skill level 6 in Axes
  3306 | D:4      | Upgraded the game from 0.32-a0-711-g016ad743e0 to
                  | 0.32-a0-768-g0f6f1dd4b9
  3427 | D:4      | Noticed Grinder
  3451 | D:4      | Killed Grinder
  3452 | D:4      | Reached skill level 7 in Axes
  3644 | D:5      | Entered Level 5 of the Dungeon
  3652 | D:5      | Reached XP level 8. HP: 53/84 MP: 8/8
  4173 | D:5      | Identified the orb "Giemej" {*Rage, rC+}
  4323 | D:5      | Reached skill level 8 in Axes
  5171 | D:6      | Noticed Pikel
  5182 | D:6      | Killed Pikel
  5183 | D:6      | Reached skill level 9 in Axes
  5183 | D:6      | Reached XP level 9. HP: 38/97 MP: 9/9
  5447 | D:6      | Reached skill level 10 in Axes
  5517 | D:6      | Found a staircase to the Ecumenical Temple.
  5539 | Temple   | Entered the Ecumenical Temple
  5570 | Temple   | Became a worshipper of Trog the Wrathful
  5711 | D:6      | Found a radiant altar of Vehumet.
  6324 | D:7      | Reached skill level 10 in Fighting
  6360 | D:7      | Reached skill level 11 in Axes
  6368 | D:7      | Found a sand-covered staircase.
  6378 | Ossuary  | Entered an ossuary
  6384 | Ossuary  | Reached * piety under Trog
  6578 | Ossuary  | Reached XP level 10. HP: 110/110 MP: 10/10
  7291 | D:8      | Reached skill level 12 in Axes
  7296 | D:8      | Noticed Jeremiah
  7297 | D:8      | Found a staircase to the Lair.
  7317 | D:8      | HP: 5/110 [poisoned by a water moccasin]
  7317 | D:8      | HP: 1/110 [wyvern (4)]
  7317 | D:8      | Slain by a wyvern

Illustrated notes

Levels and vault maps discovered:
D:1:      nicolae_arrival_somewhat_less_tricky_arrival, layout_basic,
          nicolae_houndstooth_variations
D:2:      layout_basic, shapermc_ecumenical_altar_venn, basic_altar,
          uniq_terence
D:3:      layout_loops_ring, lemuel_coloured_pillars_altar, serial_glass,
          glass_columns_b, glass_columns_a, portal_sewer_entry_f, minivault_4,
          kennysheep_nondescript, uniq_jessica
D:4:      layout_rooms, dk_rats_in_the_wall, uniq_grinder
D:5:      cheibrodos_two_vegetables, layout_cave_pools,
          hangedman_abyss_or_decor_lesser_grid
D:6:      minmay_skewed_foursquare, layout_basic,
          nicolae_overflow_crystal_walls, temple_doors_e, uniq_pikel
D:7:      layout_rooms, nicolae_overflow_hidden_temple, enter_ossuary_1
D:8:      layout_loops_ring, nicolae_sif_muna_little_library,
          minmay_lair_entry_grove, uniq_jeremiah
Temple:   hellmonk_temple_of_storms

Skill      XL: |  1  2  3  4  5  6  7  8  9 10 |
---------------+-------------------------------+-----
Fighting       | 3 4 5 6 8 10 | 10.0
Armour         | 1 2 3 |  3.0
Dodging        | 3 |  3.0
Axes           | 4 5 7 9 11 12 | 12.3
Throwing       | |  2.0

Action                     |  1- 3 |  4- 6 |  7- 9 | 10-12 || total
---------------------------+-------+-------+-------+-------++-------
  Melee: War axe           |    45 |   121 |   211 |    38 ||   415
         Headbutt          |     8 |    23 |    43 |     8 ||    82
   Fire: Sling             |       |       |     7 |       ||     7
 Invoke: Berserk           |       |       |       |     1 ||     1
    Use: Scroll            |       |     7 |     6 |     9 ||    22
         Potion            |       |       |     1 |     1 ||     2
   Stab: Sleeping          |       |     1 |       |       ||     1
 Armour: Robe              |    26 |    69 |   158 |    73 ||   326
  Dodge: Dodged            |    29 |    72 |    92 |    27 ||   220

Table legend: (Time is in decaauts)
 A = Elapsed time spent in this place.
 B = Non-inter-level travel time spent in this place.
 C = Inter-level travel time spent in this place.
 D = Time resting spent in this place.
 E = Time spent auto-exploring this place.
 F = Levels seen in this place.
 G = Mean time per level.
                   A        B        C        D        E       F      G
               +--------+--------+--------+--------+--------+-----+--------+
         Total |   7374 |   7189 |    185 |    557 |   5310 |  11 |  670.4 |
       Dungeon |   6491 |   6325 |    166 |    557 |   4755 |   8 |  811.4 |
        Temple |     51 |     32 |     19 |      0 |     11 |   1 |   51.0 |
         Sewer |    603 |    603 |      0 |      0 |    380 |   1 |  603.0 |
       Ossuary |    227 |    227 |      0 |      0 |    164 |   1 |  227.0 |
               +--------+--------+--------+--------+--------+-----+--------+

Top non-repeatable levels by time:
     D:6: 1741 daAuts
     D:1: 969 daAuts
     D:5: 856 daAuts
     D:3: 812 daAuts
     D:2: 700 daAuts
     D:7: 700 daAuts
     D:4: 615 daAuts
   Sewer: 603 daAuts
 Ossuary: 227 daAuts
     D:8: 94 daAuts
  Temple: 51 daAuts
